 Dungeon Crawl Stone Soup version 0.29-a0-275-g389c0b56f3 (webtiles) character file.

Game seed: 5076049349714032618

1950 faenta the Destroyer (level 8, 0/52 HPs)
             Began as a Demonspawn Conjurer on Mar 10, 2022.
             Was an Initiate of Gozag.
             Slain by Prince Ribbit (11 damage)
             ... on level 5 of the Dungeon.
             The game lasted 00:27:59 (8352 turns).

faenta the Destroyer (Demonspawn Conjurer)          Turns: 8352, Time: 00:27:59

Health: 0/52       AC: 12    Str:  8    XL:     8   Next: 99%
Magic:  10/17      EV: 12    Int: 22    God:    Gozag
Gold:   138        SH:  0    Dex: 11    Spells: 8/19 levels left

rFire   . . .      SeeInvis .   D - +1 short sword (venom)
rCold   + . .      Faith    .   (no shield)
rNeg    . . .      Spirit   .   r - +1 steam dragon scales
rPois   .          Reflect  .   o - +1 helmet
rElec   .          Harm     .   (no cloak)
rCorr   +          Rampage  .   q - +0 pair of gloves
Will    .....                   x - +0 pair of boots
Stlth   ++........              h - amulet of regeneration
HPRegen 0.97/turn               B - ring of protection from cold
MPRegen 0.15/turn               C - ring of resist corrosion

@: no status effects
A: hooves 2, molten scales 1, powered by death 2
a: Renounce Religion, Potion Petition, Call Merchant, Bribe Branch


You were on level 5 of the Dungeon.
You worshipped Gozag.
Gozag was aware of your devotion.
You visited 1 branch of the dungeon, and saw 6 of its levels.
You also visited: Sewer.

You collected 224 gold pieces.
You paid 86 gold pieces to Gozag.

Inventory:

Hand Weapons
 a - a +2 whip of freezing
 c - a +0 spear
 D - a +1 short sword of venom (weapon)
Missiles
 k - 12 poisoned darts (quivered)
 z - 2 throwing nets
 E - a curare-tipped dart
Armour
 o - a +1 helmet (worn)
 q - a +0 pair of gloves (worn)
 r - +1 steam dragon scales (worn)
 x - a +0 pair of boots (worn)
 G - a +2 buckler
Jewellery
 h - an amulet of regeneration (around neck)
 B - a ring of protection from cold (left hand)
 C - a ring of resist corrosion (right hand)
Wands
 t - a wand of flame (23)
 u - a wand of acid (7)
Scrolls
 d - a scroll of noise
 e - a scroll of summoning
 f - 2 scrolls of teleportation
 g - a scroll of fear
 i - a scroll of identify
 j - 2 scrolls of enchant armour
 l - a scroll of blinking
 n - a scroll of enchant weapon
 p - a scroll of magic mapping {unknown}
 v - a scroll of brand weapon {unknown}
 y - a scroll of vulnerability {unknown}
 A - a scroll of amnesia {unknown}
Potions
 b - 2 potions of magic
 m - a potion of lignification {unknown}
 s - 5 potions of curing
 w - a potion of might
 F - 2 potions of flight


   Skills:
 - Level 2.0 Dodging
 - Level 2.1 Stealth
 + Level 1.9 Shields
 + Level 6.4 Spellcasting
 * Level 9.1 Conjurations
 - Level 4.0 Hexes


You had 8 spell levels left.
You knew the following spells:

 Your Spells              Type           Power      Damage    Failure   Level
a - Magic Dart            Conj           100%       1d8       1%          1
b - Searing Ray           Conj           94%        2d7       1%          2
d - Tukima's Dance        Hex            24%        N/A       4%          3
g - Apportation           Tloc           14%        N/A       9%          1
z - Fulminant Prism       Conj/Hex       17%        3d11      6%          4

Your spell library contained the following spells:

 Spells                   Type           Power      Damage    Failure   Level
 Slow                     Hex            96%        N/A       1%          1
 Dazzling Flash           Conj/Hex       70%        N/A       1%          3
 Beastly Appendage        Tmut           14%        N/A       9%          1
 Wereblood                Tmut           7%         N/A       13%         2
 Iskenderun's Mystic Bla  Conj/Tloc      27%        2d7       14%         4
 Spider Form              Tmut/Pois      7%         N/A       26%         3
 Anguish                  Hex/Necr       7%         N/A       36%         4
 Enfeeble                 Hex            12%        N/A       100%        7


Dungeon Overview and Level Annotations

Branches:
Dungeon (6/15)              Sewer (visited)
 Temple: D:4-7

Altars:
Ashenzari
Gozag
Okawaru
Sif Muna
Uskayaw
Vehumet
Xom

Shops:
D:1 [

Annotations:
D:5 Prince Ribbit
D:6 Eustachio, Menkaure


Innate Abilities, Weirdness & Mutations

You have hoof-like feet.
You are partially covered in molten scales. (AC +2)
You regenerate health from kills.


Message History

The searing ray misses the ice beast.
The ice beast barely misses you.
Your fulminant prism explodes!
The blast of energy engulfs the ice beast!
You kill the ice beast!
You now have 138 gold pieces (gained 20).
You start resting.
HP restored.
You start resting.
Magic restored.
There is a stone staircase leading down here.
You climb downwards.
Level annotation: Eustachio, Menkaure, Prince Ribbit Prince Ribbit misses you. x2
There is a stone staircase leading up, spattered with blood here.
Prince Ribbit hits you! x2
You climb upwards.
There is a stone staircase leading down here.
Casting: Searing Ray (safe; 1% risk of failure)
Confirm with . or Enter, or press ? or * to list all spells.
Aiming: Fulminant Prism (dangerous; 6% risk of failure)
Press: ? - help, Dir - move target You conjure a prism of explosive energy!
A fulminant prism comes into view.
Prince Ribbit hits you!
Casting: Fulminant Prism (dangerous; 6% risk of failure)
Confirm with . or Enter, or press ? or * to list all spells.
Aiming: Searing Ray (safe; 1% risk of failure)
Press: ? - help, Shift-Dir - straight line, f - Prince Ribbit
Aim: Prince Ribbit (ally target, 68% to hit)
The searing ray misses Prince Ribbit. (Press . to maintain the ray.) Prince Ribbit hits you!
* * * LOW HITPOINT WARNING * * *
Your fulminant prism crackles loudly.
Prince Ribbit closely misses you.
The searing ray hits Prince Ribbit!
Prince Ribbit is moderately wounded.
Prince Ribbit hits you!
You die...
Your body crumbles into a pile of gold.

#.##.## ##.......## #.#.#.##
#.#...####.........###.......
##).......'.........'.........
#..#...####.........####....##
#.###### ######....## ##.....
#.####8###8####...## #.#.##
#.##8...8...8##..## #.#.##
#.##......*.F##.## #.....
#.#_.........@#.# ###.##
####.........##.#### #.#
###8...8...8##....# #.#
###8###8####..#.# #.#
##########....# #.#
#...........#.########.#
#.#.##.###.##..........#
#......# #.#############
###.#### #.#


You could see Prince Ribbit (ally target) and a friendly fulminant prism.

Vanquished Creatures
  Pikel (D:5)
  Maggie (D:6)
  A water moccasin (D:5)
  An ice beast (D:5)
  An ogre (D:5)
  3 lemures
  2 kobold brigands (Sewer)
  A necrophage (D:6)
  A scorpion (D:6)
  An orc priest (D:4)
  2 hounds (D:4)
  A jelly (D:3)
  Ijyb (D:4)
  6 iguanas
  A gnoll (D:1)
  3 adders
  A river rat (Sewer)
  2 white imps (D:5)
  2 dart slugs
  5 orcs
  6 ball pythons
  12 endoplasms
  3 giant cockroaches
  8 goblins
  4 hobgoblins
  A jackal (Sewer)
  8 kobolds
  6 quokkas
  6 bats
  3 frilled lizards
  6 rats
100 creatures vanquished.

Vanquished Creatures (collateral kills)
  3 ogres
3 creatures vanquished.

Vanquished Creatures (others)
  2 dancing weapons
  6 fulminant prisms
8 creatures vanquished.

Grand Total: 111 creatures vanquished

Notes
Turn   | Place    | Note
-------+----------+-------------------------------------------
     0 | D:1      | faenta the Demonspawn Conjurer began the quest for the Orb.
     0 | D:1      | Reached XP level 1. HP: 13/13 MP: 3/3
    82 | D:1      | Gained mutation: You regenerate a little health from kills.
                  | [demonic ancestry]
    82 | D:1      | Reached XP level 2. HP: 19/19 MP: 0/5
   184 | D:1      | Learned a level 2 spell: Searing Ray
   672 | D:1      | Gained mutation: You are partially covered in molten
                  | scales. (AC +2) [demonic ancestry]
   672 | D:1      | Reached XP level 3. HP: 24/24 MP: 4/6
   891 | D:1      | Found Qarph's Antique Armour Boutique.
  1462 | D:2      | Found a faded altar of an unknown god.
  1744 | D:2      | You fall into a shaft and drop 1 floor!
  1844 | D:2      | Gained mutation: You regenerate health from kills. [demonic
                  | ancestry]
  1844 | D:2      | Reached XP level 4. HP: 30/30 MP: 1/8
  2276 | D:3      | Reached skill level 5 in Conjurations
  2340 | D:3      | Found a shimmering altar of Xom.
  2519 | D:3      | Found a broken altar of Ashenzari.
  2717 | D:3      | Got Xoupn's First Steps in Spellcasting
  2839 | D:3      | Learned a level 4 spell: Fulminant Prism
  3105 | D:4      | Noticed Ijyb
  3115 | D:4      | Reached skill level 1 in Hexes
  3115 | D:4      | Gained mutation: You have large cloven feet. [demonic
                  | ancestry]
  3115 | D:4      | Reached XP level 5. HP: 35/35 MP: 2/9
  3416 | D:4      | Killed Ijyb
  3524 | D:4      | Found a shimmering blue altar of Sif Muna.
  3524 | D:4      | Found a radiant altar of Vehumet.
  3693 | D:4      | Found an iron altar of Okawaru.
  3933 | D:4      | Gained mutation: You have hoof-like feet. [demonic
                  | ancestry]
  3933 | D:4      | Reached XP level 6. HP: 41/41 MP: 6/11
  4242 | D:5      | Entered Level 5 of the Dungeon
  4892 | D:5      | Noticed a +0 falchion
  4892 | D:5      | Noticed a +0 short sword
  4894 | D:5      | Noticed a +0 dagger
  4894 | D:5      | Noticed a +0 short sword
  4894 | D:5      | Noticed a +0 spear
  5072 | D:4      | Learned a level 3 spell: Tukima's Dance
  5292 | D:5      | Noticed Pikel
  5434 | D:5      | Noticed a +0 falchion
  5434 | D:5      | Noticed a +0 spear
  5435 | D:5      | Noticed a +0 dagger
  5446 | D:5      | Found a hide-covered altar of Uskayaw.
  5523 | D:5      | Noticed a water moccasin
  5590 | D:6      | Noticed Maggie
  5590 | D:6      | Noticed Prince Ribbit
  5704 | D:6      | Killed Maggie
  5705 | D:6      | Reached skill level 6 in Conjurations
  5705 | D:6      | Reached XP level 7. HP: 27/46 MP: 6/14
  5743 | D:6      | Learned a level 1 spell: Apportation
  5818 | D:6      | Found a glowing drain.
  5822 | Sewer    | Entered a sewer
  6021 | Sewer    | Reached skill level 5 in Spellcasting
  6146 | Sewer    | Reached skill level 7 in Conjurations
  6666 | D:6      | Reached XP level 8. HP: 52/52 MP: 6/16
  6672 | D:6      | Noticed Eustachio
  6674 | D:6      | Noticed Menkaure
  6929 | D:5      | Killed Pikel
  6930 | D:5      | Reached skill level 8 in Conjurations
  7433 | D:5      | Found a hide-covered altar of Uskayaw.
  7504 | D:5      | Reached skill level 1 in Shields
  8144 | D:6      | Reached skill level 9 in Conjurations
  8249 | D:5      | Found an opulent altar of Gozag.
  8257 | D:5      | Became a worshipper of Gozag Ym Sagoz the Greedy
  8352 | D:5      | Slain by Prince Ribbit

Illustrated notes

Levels and vault maps discovered:
D:1:      dpeg_arrival_simpleton_b, layout_basic, serial_shops, shop,
          serial_park_tiny_2
D:2:      layout_basic, shapermc_ecumenical_altar_starsandcircs
D:3:      layout_loops_ring, lemuel_crystal_altar,
          mainiacjoe_overflow_six_doors_small
D:4:      layout_basic, mainiacjoe_overflow_24_doors, jmf_multi_god_temple,
          uniq_ijyb
D:5:      layout_loops_corners, nicolae_uskayaw_en_pointe,
          nicolae_overflow_hidden_temple, uniq_pikel
D:6:      layout_cave_pools, minmay_temple_entry_arrows, gup_sewer_entry_bowl,
          uniq_menkaure, uniq_maggie, uniq_eustachio, uniq_prince_ribbit1

Skill      XL: |  1  2  3  4  5  6  7  8 |
---------------+-------------------------+-----
Dodging        | 2 |  2.0
Stealth        | 2 |  2.1
Conjurations   | 5 6 7 9 |  9.1
Spellcasting   | 3 4 5 6 |  6.4
Hexes          | 1 2 4 |  4.0
Shields        | 1 |  1.9

Action                   |  1- 3 |  4- 6 |  7- 9 || total
-------------------------+-------+-------+-------++-------
Melee: Spear             |     7 |     7 |     5 ||    19
       Kick              |       |     4 |       ||     4
       Short sword       |       |       |    12 ||    12
Throw: Dart              |       |     6 |     7 ||    13
 Cast: Magic Dart        |    77 |    59 |     7 ||   143
       Searing Ray       |     2 |    15 |    23 ||    40
       Tukima's Dance    |       |     2 |     8 ||    10
       Apportation       |       |       |     6 ||     6
       Fulminant Prism   |       |       |     7 ||     7
Evoke: Wand              |       |     4 |     6 ||    10
  Use: Scroll            |       |     7 |     7 ||    14
 Stab: Sleeping          |       |       |     1 ||     1
Armor: Robe              |     2 |    12 |       ||    14
       Steam dragon scal |       |       |    25 ||    25
Dodge: Dodged            |     4 |    28 |    33 ||    65

Table legend: (Time is in decaauts)
 A = Elapsed time spent in this place.
 B = Non-inter-level travel time spent in this place.
 C = Inter-level travel time spent in this place.
 D = Time resting spent in this place.
 E = Time spent auto-exploring this place.
 F = Levels seen in this place.
 G = Mean time per level.
                   A        B        C        D        E       F      G
               +--------+--------+--------+--------+--------+-----+--------+
         Total |   8426 |   8069 |    357 |   1042 |   5644 |   7 | 1203.7 |
       Dungeon |   7966 |   7609 |    357 |    845 |   5501 |   6 | 1327.7 |
         Sewer |    459 |    459 |      0 |    197 |    142 |   1 |  459.0 |
               +--------+--------+--------+--------+--------+-----+--------+

Top non-repeatable levels by time:
     D:5: 2734 daAuts
     D:4: 1672 daAuts
     D:1: 1158 daAuts
     D:2: 926 daAuts
     D:3: 762 daAuts
     D:6: 711 daAuts
   Sewer: 459 daAuts
